Map: Blackburn LE

Players

Lambo - Winner!

  • Race: Zerg Zerg

Gerald

  • Race: Protoss Protoss

Event: DreamHack SC2 Masters 2021 Winter

VOD

Have the link to the VOD?

Description

Time

  • Played on: Oct. 3, 2021, 12:43 p.m.
  • Length: 12:38

All games in this series

Show
View Real Time Build Order
Export as new Build Order

Lambo Zerg - Winner!

Build Orders: Hatch First, Lurkers, Roach Hydra 

Get SALT Encoding   

  12  0:00  Drone  
  13  0:13  Overlord  
  13  0:17  Drone  
  14  0:31  Drone x2  
  16  0:43  Drone  
  17  0:51  Hatchery  
  17  0:54  Drone  
  17  0:58  Drone  
  18  1:08  Extractor  
  17  1:13  Spawning Pool  
  17  1:15  Drone  
  17  1:20  Drone  
  18  1:29  Drone  
  19  1:41  Drone  
  20  1:55  Overlord  
  20  2:00  Queen  
  22  2:04  Queen  
  22  2:05  Drone  
  22  2:06  Zergling x2  
  26  2:08  Metabolic Boost  
  26  2:12  Zergling x2  
  26  2:14  Drone  
  28  2:24  Drone  
  28  2:25  Drone  
  30  2:35  Drone  
  31  2:39  Hatchery  
  30  2:45  Queen  
  30  2:50  Drone  
  33  2:52  Overlord  
  33  2:55  Drone  
  34  3:01  Drone  
  34  3:04  Drone  
  36  3:10  Queen  
  36  3:11  Overlord  
  38  3:13  Zergling x2  
  38  3:15  Drone  
  38  3:17  Drone  
  42  3:20  Drone  
  42  3:22  Spore Crawler  
  42  3:24  Drone  
  42  3:28  Drone x2  
  42  3:31  Zergling x4  
  47  3:41  Drone, Queen  
  47  3:42  Overlord  
  49  3:50  Drone x2  
  49  3:51  Drone  
  49  3:54  Queen  
  54  3:57  Drone x2  
  54  3:58  Drone  
  54  4:00  Drone  
  54  4:02  Overlord  
  58  4:05  Drone  
  58  4:07  Overlord  
  59  4:11  Overlord  
  58  4:18  Overlord  
  58  4:21  Drone x3  
  58  4:24  Drone x2  
  63  4:28  Drone x2  
  63  4:29  Drone, Roach Warren  
  65  4:33  Drone  
  65  4:37  Drone x2  
  65  4:38  Drone x2  
  70  4:43  Overlord  
  70  4:47  Spore Crawler  
  70  4:48  Lair  
  70  4:49  Extractor  
  70  4:51  Zergling x6  
  70  4:52  Drone, Extractor  
  71  4:54  Spore Crawler  
  71  4:58  Drone x4  
  74  5:00  Drone  
  74  5:06  Drone x2  
  74  5:07  Drone x2  
  79  5:09  Overlord  
  78  5:15  Extractor  
  78  5:17  Overlord  
  78  5:19  Extractor  
  78  5:20  Roach x4  
  84  5:25  Overlord  
  84  5:28  Overlord  
  82  5:29  Drone x6  
  82  5:32  Drone  
  88  5:36  Extractor  
  88  5:37  Evolution Chamber  
  88  5:40  Drone x3  
  89  5:52  Drone x2, Queen  
  93  5:59  Hatchery  
  93  6:00  Drone x6  
  98  6:04  Overlord  
  98  6:05  Drone x3  
  98  6:08  Queen  
  98  6:10  Hatchery  
  98  6:11  Overlord  
  103  6:13  Drone  
  103  6:14  Zerg Missile Weapons Level 1  
  103  6:17  Drone, Infestation Pit  
  104  6:21  Glial Reconstitution, Overlord  
  104  6:24  Hydralisk Den  
  103  6:25  Overlord  
  103  6:28  Spore Crawler  
  103  6:29  Overlord  
  103  6:30  Drone  
  103  6:32  Drone  
  104  6:38  Spore Crawler  
  102  6:43  Drone x7  
  108  6:47  Roach x2  
  112  6:56  Roach x4  
  120  7:01  Extractor  
  120  7:02  Extractor  
  120  7:03  Overlord  
  120  7:04  Drone x3  
  120  7:07  Hive  
  120  7:10  Zergling x6  
  120  7:14  Drone, Lurker Den  
  123  7:18  Roach x3  
  123  7:19  Ravager x2  
  123  7:22  Roach x2  
  134  7:24  Zergling x4  
  136  7:31  Zergling x14  
  136  7:33  Overlord  
  143  7:37  Overseer  
  143  7:38  Muscular Augments  
  143  7:44  Overlord  
  143  7:47  Drone  
  143  7:49  Roach x7  
  143  7:51  Ravager  
  159  7:53  Zergling x2  
  159  7:55  Zergling x2  
  159  7:57  Zergling x4  
  161  8:00  Zergling x10  
  164  8:11  Roach x4  
  172  8:13  Overseer x2  
  172  8:14  Hatchery  
  172  8:17  Overseer  
  168  8:21  Roach x6  
  178  8:35  Hydralisk x3  
  184  8:44  Seismic Spines  
  184  8:45  Spine Crawler  
  184  8:46  Spore Crawler  
  184  8:47  Spine Crawler  
  181  8:49  Drone x2  
  181  8:50  Drone  
  181  8:51  Zerg Missile Weapons Level 2  
  184  8:55  Pneumatized Carapace  
  184  8:57  Spore Crawler  
  184  8:58  Drone  
  184  9:00  Overlord x2  
  184  9:05  Overlord  
  184  9:07  Overlord  
  178  9:13  Overlord  
  178  9:16  Overlord  
  178  9:23  Drone x3  
  181  9:25  Spine Crawler  
  181  9:30  Hydralisk x4, Lurker x3  
  191  9:34  Hydralisk x4  
  191  9:36  Drone  
  191  9:38  Grooved Spines, Overlord  
  200  9:41  Adaptive Talons  
  198  9:57  Spine Crawler  
  197  10:04  Spine Crawler  
  197  10:06  Lurker x5, Spore Crawler  
  200  10:10  Overseer  
  200  10:19  Extractor, Overlord  
  200  10:20  Extractor  
  194  10:25  Overlord  
  194  10:27  Zergling x16, Overlord  
  193  10:30  Overlord  
  193  10:35  Zergling x8  
  183  10:40  Hydralisk x4, Roach  
  183  10:41  Roach x7  
  183  10:42  Overseer  
  193  10:44  Roach x4  
  193  10:45  Roach  
  193  10:47  Roach  
  193  10:48  Lair  
  196  10:51  Hydralisk x2, Lurker x2  
  199  11:02  Drone  
  200  11:10  Overlord  
  200  11:18  Overlord  
  193  11:23  Lurker  
  193  11:24  Lurker x4  
  193  11:25  Lurker  
  199  11:32  Roach x3  
  176  11:45  Zergling x36  
  179  12:00  Overseer  
  170  12:02  Hydralisk x7  
  170  12:08  Hydralisk x3  
  181  12:13  Hydralisk  
  184  12:19  Overseer  
Show
View Real Time Build Order
Export as new Build Order

Gerald Protoss 

Build Orders: 1 Gate Expand, Oracle Opening 

Get SALT Encoding   

  12  0:00  Probe  
  13  0:12  Probe  
  14  0:20  Pylon  
  14  0:24  Probe  
  15  0:38  Probe (Chrono Boost)  
  15  0:40  Gateway  
  16  0:47  Probe (Chrono Boost)  
  16  0:49  Assimilator  
  17  0:53  Probe  
  18  1:05  Probe  
  19  1:17  Probe  
  20  1:28  Nexus  
  20  1:39  Cybernetics Core  
  20  1:41  Probe  
  21  1:49  Assimilator  
  21  1:54  Probe  
  22  1:58  Pylon  
  22  2:06  Probe  
  23  2:16  Stargate  
  23  2:17  Adept (Chrono Boost)  
  23  2:18  Probe  
  26  2:30  Warp Gate, Probe  
  27  2:37  Adept (Chrono Boost)  
  27  2:41  Probe  
  27  2:42  Probe  
  31  2:53  Probe  
  31  2:54  Probe  
  33  2:59  Oracle (Chrono Boost)  
  33  3:05  Probe  
  37  3:06  Probe  
  37  3:08  Adept  
  40  3:16  Pylon  
  40  3:17  Probe  
  40  3:18  Probe  
  42  3:27  Void Ray (Chrono Boost)  
  42  3:29  Gateway, Probe  
  43  3:37  Probe  
  48  3:41  Probe  
  49  3:50  Probe  
  50  3:55  Probe  
  50  3:57  Pylon  
  50  4:02  Probe  
  52  4:07  Probe  
  53  4:14  Probe  
  53  4:20  Probe  
  53  4:22  Forge  
  53  4:23  Twilight Council  
  54  4:24  Nexus  
  54  4:26  Probe, Pylon  
  54  4:30  Assimilator  
  55  4:32  Assimilator, Probe  
  55  4:37  Adept  
  58  4:40  Adept  
  58  4:44  Probe x2  
  62  4:46  Pylon  
  62  4:56  Probe x2  
  64  5:00  Protoss Ground Weapons Level 1  
  64  5:01  Blink  
  64  5:08  Probe x2 (Chrono Boost)  
  64  5:13  Stalker x2  
  70  5:20  Probe (Chrono Boost), Pylon  
  70  5:21  Probe (Chrono Boost)  
  70  5:29  Probe x2 (Chrono Boost)  
  70  5:34  Probe x2  
  70  5:38  Pylon  
  70  5:39  Probe, Sentry x2  
  77  5:46  Gateway, Probe (Chrono Boost)  
  77  5:47  Probe (Chrono Boost)  
  77  5:48  Gateway  
  79  5:53  Probe (Chrono Boost)  
  79  5:56  Assimilator  
  81  5:58  Probe (Chrono Boost)  
  81  5:59  Probe (Chrono Boost)  
  81  6:00  Assimilator  
  81  6:02  Probe (Chrono Boost)  
  83  6:05  Gateway, Probe (Chrono Boost)  
  83  6:06  Probe (Chrono Boost)  
  83  6:07  Gateway  
  83  6:10  Robotics Facility  
  85  6:15  Stalker x2, Probe  
  90  6:18  Gateway  
  90  6:22  Gateway  
  90  6:27  Probe  
  90  6:29  Probe  
  90  6:30  Pylon  
  90  6:32  Probe  
  93  6:33  Dark Shrine, Pylon  
  93  6:39  Probe  
  90  6:44  Stalker  
  90  6:45  Stalker x3  
  94  6:52  Pylon  
  94  6:57  Nexus, Pylon  
  94  7:02  Pylon  
  94  7:06  Warp Prism (Chrono Boost)  
  94  7:08  Protoss Ground Weapons Level 2 (Chrono Boost)  
  96  7:14  Stalker x2  
  100  7:17  Robotics Bay  
  100  7:24  Stalker x2  
  100  7:25  Stalker  
  100  7:27  Pylon  
  106  7:30  Pylon  
  106  7:40  Stalker x2  
  106  7:41  Stalker x3  
  116  7:48  Probe  
  116  7:49  Observer  
  112  8:00  Probe  
  112  8:01  Dark Templar x3  
  112  8:04  Dark Templar x3  
  125  8:09  Probe  
  125  8:10  Probe  
  125  8:11  Disruptor (Chrono Boost)  
  130  8:13  Zealot x2  
  130  8:14  Probe  
  131  8:21  Probe  
  130  8:27  Archon  
  130  8:29  Probe  
  130  8:32  Robotics Facility  
  129  8:37  Probe  
  129  8:38  Probe x2  
  129  8:40  Disruptor (Chrono Boost)  
  132  8:41  Probe  
  132  8:44  Charge  
  132  8:48  Stalker x4  
  140  8:49  Probe  
  140  8:50  Probe  
  140  8:53  Shield Battery  
  146  8:56  Assimilator  
  146  8:59  Assimilator  
  142  9:12  Probe  
  142  9:13  Disruptor  
  146  9:19  Disruptor  
  146  9:22  Zealot x8  
  146  9:23  Nexus  
  165  9:31  Gateway  
  165  9:35  Protoss Ground Armor Level 1 (Chrono Boost)  
  165  9:37  Gateway x2  
  165  9:44  Gateway  
  165  9:49  Disruptor  
  166  9:58  Zealot  
  168  10:00  Pylon  
  168  10:01  Zealot x2  
  168  10:02  Pylon  
  168  10:04  Assimilator  
  172  10:08  Assimilator  
  172  10:13  Pylon  
  172  10:18  Probe, Disruptor  
  176  10:24  Disruptor  
  176  10:25  Zealot x6  
  176  10:26  Zealot  
  185  10:34  Dark Templar x2  
  185  10:35  Dark Templar x2  
  143  10:52  Stalker x8  
  143  10:53  Disruptor  
  152  10:57  Archon  
  152  11:00  Probe, Disruptor  
  152  11:01  Probe  
  153  11:08  Photon Cannon  
  153  11:09  Photon Cannon  
  153  11:11  Photon Cannon  
  153  11:13  Shield Battery  
  153  11:14  Shield Battery  
  153  11:17  Shield Battery  
  153  11:23  Zealot x7, Probe  
  153  11:24  Zealot x5  
  178  11:26  Photon Cannon  
  178  11:29  Shield Battery  
  122  11:50  Stalker x4  
  122  11:51  Stalker x6  
  133  11:56  Probe  
  112  12:08  Probe  
  112  12:13  Stalker x2  
  112  12:14  Stalker x7  
  112  12:15  Stalker x2  
  112  12:25  Probe  

Tags
 
Add a new tag
Caveats
  • Supply blocks, unpowered buildings, or Contaminate may cause inaccurate times.
  • Supply counts are checked every 10 seconds.